 Dungeon Crawl Stone Soup version 0.31.0-11-ge490571c62 (webtiles) character file.

Game seed: 10799585870906402538

203 qw the Shooter (level 5, -1/27 HPs)
             Began as a Spriggan Hunter on Feb 4, 2024.
             Slain by Duvessa
             ... wielding a +0 rapier
              (7 damage)
             ... on level 4 of the Dungeon.
             The game lasted 00:00:08 (2224 turns).

qw the Shooter (Spriggan Hunter)                    Turns: 2224, Time: 00:00:09

Health: -1/27      AC:  3    Str:  7    XL:     5   Next: 51%
Magic:  6/6        EV: 21    Int: 10    God:
Gold:   163        SH:  0    Dex: 21    Spells: 4/4 levels left

rFire   . . .        a - +0 shortbow
rCold   . . .        (shield currently unavailable)
rNeg    . . .        c - +0 robe
rPois   .            e - +1 hat
rElec   .            (no cloak)
rCorr   .            (gloves unavailable)
SInv    +            (boots unavailable)
Will    .....        (no amulet)
Stlth   ++           (no ring)
HPRegen 0.24/turn    (no ring)
MPRegen 0.10/turn

%: no passive effects
@: about to teleport, very quick
A: very small, no large weapons, unfitting armour, see invisible, speed 3
a: no special abilities


You were on level 4 of the Dungeon.
You visited 1 branch of the dungeon, and saw 4 of its levels.

You collected 163 gold pieces.


Innate Abilities, Weirdness & Mutations

You are very small and have problems with some larger weapons.
You are too small for most types of armour.
You have supernaturally acute eyesight. (SInv)
You cover ground extremely quickly. (Speed+++)


   Skills:
 - Level 2.3 Fighting
 + Level 5.4 Ranged Weapons
 - Level 5.3 Dodging
 - Level 1.5 Stealth


You had 4 spell levels left.
You didn't know any spells.
Your spell library was empty.

Inventory:

Hand Weapons
 a - a +0 shortbow (weapon)
Armour
 c - a +0 robe (worn)
 e - a +1 hat (worn)
Jewellery
 d - a ring of ice
Scrolls
 h - a scroll of identify
Potions
 b - 2 potions of might {unknown}
 f - 2 potions of heal wounds
 i - a potion of curing
 j - a potion of mutation {unknown}
 k - a potion of degeneration {unknown}

Dungeon Overview and Level Annotations

Branches:
Dungeon (4/15)
 Temple: D:4-7

Altars:
Cheibriados
Elyvilon
Makhleb
Yredelemnul
The Shining One

Shops:
D:1 *

Annotations:
D:4 Dowan, Duvessa


Message History

Duvessa is lightly wounded.
Dowan shouts!
Dowan casts a spell.
Dowan blinks!
You shoot an arrow. The arrow closely misses Duvessa.
Duvessa completely misses you.
You shoot an arrow. The arrow closely misses Duvessa.
Duvessa hits you with a +0 rapier.
You shoot an arrow. The arrow barely misses Duvessa.
Duvessa misses you.
You shoot an arrow. The arrow barely misses Duvessa.
Duvessa hits you with a +0 rapier! Duvessa barely misses you.
You shoot an arrow. The arrow barely misses Duvessa.
Duvessa hits you with a +0 rapier.
You shoot an arrow.
The arrow hits Duvessa but does no damage.
Duvessa is lightly wounded.
Duvessa completely misses you.
Dowan gestures at Duvessa while chanting.
Duvessa seems to speed up.
Enter note:
Enter note:
2220 ||| RETREEEEATING.
Enter note:
2221 ||| RETREEEEATING.
You shoot an arrow. The arrow hits Duvessa.
Duvessa is moderately wounded.
Duvessa closely misses you.
You shoot an arrow.
The arrow hits Duvessa but does no damage.
Duvessa is moderately wounded.
Duvessa hits you with a +0 rapier.
Duvessa gestures with her weapon.
Duvessa misses you.
2224 ||| READING scroll of teleportation.
As you read the scroll of teleportation, it crumbles to dust.
You feel strangely unstable.
Duvessa gestures with her weapon.
Duvessa completely misses you. Duvessa hits you with a +0 rapier!
You die...

.........# ....)....#
.........# .........#
.........# .........#
..e......# ..######e# #...#
##@# #...# #..# #...# ##.##
#...# ##..# #...# #..#######
#...# #.#......#
#######...###.#.####.#########
..........#...#.# #..........#
%...........###.###..######.##


You could see Duvessa (fast).

Vanquished Creatures
  A hound (D:4)
  An orc priest (D:3)
  An iguana (D:4)
  An orc wizard (D:3)
  3 adders
  A ribbon worm (D:2)
  9 orcs
  4 endoplasms
  3 giant cockroaches
  3 goblins (D:2)
  7 hobgoblins
  5 kobolds
  4 ball pythons
  4 bats
  8 frilled lizards (D:1)
  9 rats
64 creatures vanquished.

Notes
Turn   | Place    | Note
-------+----------+-------------------------------------------
     0 | D:1      | qw the Spriggan Hunter began the quest for the Orb.
     0 | D:1      | Reached XP level 1. HP: 10/10 MP: 2/2
     0 | D:1      | 0 ||| qw: Version: 0.3-a-160-g6735b56
     0 | D:1      | 0 ||| qw: Game counter: 5070
     0 | D:1      | 0 ||| qw: Melee chars always use a shield: true
     0 | D:1      | 0 ||| qw: God list: Okawaru
     0 | D:1      | 0 ||| qw: Allow faded altars: false
     0 | D:1      | 0 ||| qw: Do Orc after clearing Dungeon:15 true
     0 | D:1      | 0 ||| qw: Do second Lair branch before Depths: true
     0 | D:1      | 0 ||| qw: Lair rune preference: random
     0 | D:1      | 0 ||| qw: Goals: Normal
     0 | D:1      | 0 ||| PLANNING D:1-11
    23 | D:1      | Reached skill level 3 in Dodging
   175 | D:1      | Found Toskeal's Assorted Antiques.
   183 | D:1      | 183 ||| SHOPLISTING fine arbalest (218 gold, have 22).
   183 | D:1      | 183 ||| SHOPLISTING scroll labelled IFILLA URORREVACH (23
                  | gold, have 22).
   183 | D:1      | 183 ||| SHOPLISTING shiny bone wand (92 gold, have 22).
   310 | D:1      | Reached XP level 2. HP: 14/14 MP: 3/3
   467 | D:1      | 467 ||| DROPPING amulet of magic regeneration.
   468 | D:1      | 468 ||| READING scroll labelled HYGAUL ZULEOXI.
   468 | D:1      | 468 ||| IDENTIFYING clear potion
   469 | D:1      | 469 ||| READING scroll labelled IFILLA URORREVACH.
   473 | D:1      | 473 ||| READING scroll labelled SEPYSO FAPRADGH.
   474 | D:1      | 474 ||| DRINKING 2 dark potions.
   475 | D:1      | 475 ||| DROPPING scroll of butterflies.
   476 | D:1      | 476 ||| DROPPING potion of lignification.
   596 | D:2      | Reached XP level 3. HP: 18/18 MP: 4/4
  1023 | D:2      | 1023 ||| UPGRADING to +1 hat.
  1028 | D:2      | 1028 ||| READING scroll labelled YDGHEFF EDECI.
  1029 | D:2      | 1029 ||| READING scroll labelled EKKIMIR WOPS.
  1030 | D:2      | 1030 ||| READING scroll labelled UTZUKO GUASEOLU.
  1032 | D:2      | 1032 ||| Stepping ~*~*~tactically~*~*~ (cloud).
  1037 | D:2      | HP: 4/18 [poisoned by you (poison gas)]
  1041 | D:2      | HP: 1/18 [poisoned by you (poison gas)]
  1355 | D:3      | Found a snail-covered altar of Cheibriados.
  1360 | D:3      | Found a basalt altar of Yredelemnul.
  1376 | D:3      | Found a white marble altar of Elyvilon.
  1377 | D:3      | Found a glowing golden altar of the Shining One.
  1553 | D:3      | Reached XP level 4. HP: 22/22 MP: 5/5
  1704 | D:3      | Found a burning altar of Makhleb.
  1711 | D:3      | HP: 4/22 [orc/+0 mace (7)]
  1712 | D:3      | 1712 ||| READING 2 scrolls of teleportation.
  1713 | D:3      | 1713 ||| DRINKING 3 potions of heal wounds.
  1724 | D:3      | 1724 ||| FLEEEEING.
  1725 | D:3      | 1725 ||| FLEEEEING.
  1727 | D:3      | 1727 ||| FLEEEEING.
  1732 | D:3      | 1732 ||| FLEEEEING.
  1733 | D:3      | 1733 ||| FLEEEEING.
  1734 | D:3      | 1734 ||| FLEEEEING.
  1904 | D:3      | 1904 ||| READING scroll of identify.
  1904 | D:3      | 1904 ||| IDENTIFYING bubbling green potion
  1905 | D:3      | 1905 ||| DRINKING 2 cyan potions.
  1906 | D:3      | 1906 ||| DROPPING potion of brilliance.
  2023 | D:4      | Reached XP level 5. HP: 26/27 MP: 6/6
  2208 | D:4      | Noticed Duvessa
  2208 | D:4      | Noticed Dowan
  2220 | D:4      | 2220 ||| RETREEEEATING.
  2221 | D:4      | 2221 ||| RETREEEEATING.
  2223 | D:4      | HP: 6/27 [Duvessa/+0 rapier (3)]
  2224 | D:4      | 2224 ||| READING scroll of teleportation.
  2224 | D:4      | Slain by Duvessa

Levels and vault maps discovered:
D:1:      roderic_dead_forest, layout_basic, serial_shops,
          nicolae_shop_dealshenge, minmay_lizard_pond
D:2:      layout_rooms, serial_forest, infiniplex_forest_lined_3,
          infiniplex_forest_straight_2, infiniplex_forest_straight_1,
          infiniplex_forest_end_1, infiniplex_forest_lined_room_3,
          infiniplex_forest_lined_room_2, infiniplex_forest_lined_ring,
          infiniplex_forest_clump_tiny
D:3:      layout_basic, minitemple, mainiacjoe_overflow_surrounded_room,
          grunt_ministairs_14
D:4:      layout_basic, nicolae_ru_the_path_less_chosen, uniq_grinder,
          uniq_pikel, uniq_duvessa

Skill      XL: |  1  2  3  4 |
---------------+-------------+-----
Dodging        | 3 4 5 |  5.3
Ranged Weapons | 5 |  5.4
Fighting       | 2 |  2.3
Stealth        | |  1.5

Action                     |  1- 3 |  4- 6 || total
---------------------------+-------+-------++-------
   Fire: Shortbow          |   125 |    82 ||   207
    Use: Scroll            |     6 |     3 ||     9
         Potion            |     1 |     2 ||     3
 Armour: Robe              |     9 |    23 ||    32
  Dodge: Dodged            |    50 |    49 ||    99

Table legend:
 A = Non-vault XP
 B = Vault XP
 C = Vault XP percentage of total XP
 D = Non-vault monster count
 E = Vault monster count
 F = Vault count percentage of total count
                 A         B        C        D         E       F
            +---------+---------+-------+---------+---------+-------
      Total |     282 |       9 |   3.1 |      56 |       8 |  12.5
            +---------+---------+-------+---------+---------+-------
        D:1 |      18 |       6 |  25.0 |      13 |       6 |  31.6
        D:2 |      33 |       0 |   0.0 |      19 |       0 |   0.0
        D:3 |     128 |       3 |   2.3 |      16 |       2 |  11.1
        D:4 |     103 |       0 |   0.0 |       8 |       0 |   0.0
            +---------+---------+-------+---------+---------+-------
